 Dungeon Crawl Stone Soup version 0.18.1-5-g4a78601 (webtiles) character file.

131 skyy0731 the Skirmisher (level 5, 0/42 HPs)
             Began as a Human Berserker on May 11, 2016.
             Was a Believer of Trog.
             Killed by divine providence
             ... invoked by an orc priest
              (11 damage)
             ... on level 3 of the Dungeon.
             The game lasted 00:17:10 (2336 turns).

skyy0731 the Skirmisher (Human Berserker)           Turns: 2336, Time: 00:17:11

Health: 0/42       AC: 11    Str: 18    XL:     5   Next: 37%
Magic:  5/5        EV:  6    Int:  8    God:    Trog [**....]
Gold:   66         SH:  0    Dex: 12    Spells: 0 memorised, 4 levels left

rFire  . . .     SeeInvis .     l - +1 short sword (venom)
rCold  . . .     Gourm    .     p - +0 plate armour
rNeg   . . .     Faith    .     (no shield)
rPois  .         Spirit   .     (no helmet)
rElec  .         Dismiss  .     (no cloak)
rCorr  .         Reflect  .     (no gloves)
SustAt .         Harm     .     (no boots)
MR     .....                    (no amulet)
Stlth  ..........               (no ring)
                                (no ring)

@: not resistant to hostile enchantments, extremely unstealthy
A: no striking features
a: Berserk, Trog's Hand, Burn Spellbooks, Renounce Religion


You were on level 3 of the Dungeon.
You worshipped Trog.
Trog was pleased with you.
You were not hungry.

You visited 1 branch of the dungeon, and saw 3 of its levels.

You collected 66 gold pieces.

Inventory:

Hand Weapons
 a - a +0 hand axe
 c - a +0 arbalest
 i - a +0 dagger of holy wrath
 j - a +0 whip
 k - a +0 club
 l - a +1 short sword of venom (weapon)
 n - a +0 hunting sling
Missiles
 d - 39 arrows
 f - 39 sling bullets
 h - 26 bolts
Armour
 b - a +0 animal skin
 e - a +1 ring mail
 p - a +0 plate armour (worn)
Wands
 m - a wand of flame (20/48)
Scrolls
 s - 3 scrolls of remove curse
Potions
 g - a potion of heal wounds {unknown}
 o - a potion of might {unknown}
Comestibles
 q - a meat ration
 r - 2 bread rations


   Skills:
 + Level 3.8 Fighting
 + Level 0.8 Short Blades
 + Level 3.6 Axes
 + Level 2.7 Armour
 + Level 3.4 Dodging


You had 4 spell levels left.
You didn't know any spells.

Dungeon Overview and Level Annotations

Branches:
Dungeon (3/15)

Altars:
Ashenzari
Dithmenos
Kikubaaqudgha


Message History

an arbalest; a hobgoblin corpse
c - an arbalest The orc priest looks braver for a moment.
An orc comes into view. It is wielding a flail.
The orc shouts!
An orc comes into view. It is wielding a flail.
Found a mace.
An orc comes into view.
The orc shouts!
You hit the orc priest.
The orc priest is poisoned.
The orc priest is moderately wounded.
The orc priest invokes the aid of Beogh against you.
Beogh smites you!
The orc priest mumbles some strange prayers to Beogh against you.
Beogh smites you!
* * * LOW HITPOINT WARNING * * *
You hear a shout!
The orc priest calls down the wrath of Beogh upon you.
Beogh smites you!
You die...

.. .# .# #####
###.### ...#
#.....#
###.###.....#
#.....'†....#
#.#.###.....####
#@..oooo......
#..##.#.###..)
#..##.#.# )
#..##.#..
#..##.####
#..##.# #..##.#
#..##.#


You could see an orc priest and 3 orcs.

Vanquished Creatures
  6 adders
  2 oozes
  3 dart slugs
  A giant gecko (D:2)
  2 ball pythons
  A bat (D:2)
  A giant cockroach (D:2)
  5 goblins
  8 hobgoblins
  9 jackals (D:2)
  8 kobolds
  A quokka (D:2)
  5 giant newts
  5 rats
57 creatures vanquished.

Notes
Turn   | Place    | Note
--------------------------------------------------------------
     0 | D:1      | skyy0731 the Human Berserker began the quest for the Orb.
     0 | D:1      | Reached XP level 1. HP: 18/18 MP: 1/1
    69 | D:1      | Reached XP level 2. HP: 22/24 MP: 2/2
   699 | D:1      | Reached XP level 3. HP: 28/29 MP: 3/3
  1104 | D:2      | Found a shadowy altar of Dithmenos.
  1115 | D:2      | Reached ** piety under Trog
  1187 | D:2      | HP: 1/29 [adder (3)]
  1195 | D:2      | Reached XP level 4. HP: 5/35 MP: 4/4
  1508 | D:2      | Found an ancient bone altar of Kikubaaqudgha.
  1967 | D:2      | Found a shattered altar of Ashenzari.
  2005 | D:2      | Reached XP level 5. HP: 39/42 MP: 5/5
  2336 | D:3      | Killed from afar by an orc priest

Skill      XL: |  1  2  3  4 |
---------------+-------------+-----
Dodging        | 3 |  3.4
Fighting       | |  3.8
Short Blades   | |  0.8
Axes           | |  3.6
Armour         | |  2.7

Action                   |  1- 3 |  4- 6 || total
-------------------------+-------+-------++-------
Melee: Hand axe          |    36 |       ||    36
       Short sword       |    48 |    88 ||   136
Invok: Trog's Hand       |     1 |       ||     1
  Use: Scroll            |     1 |     2 ||     3
  Eat: Bread ration      |       |     1 ||     1
       Pizza             |       |     1 ||     1
Armor: Animal skin       |     1 |       ||     1
       Ring mail         |    38 |     5 ||    43
       Plate armour      |       |    71 ||    71
Dodge: Dodged            |    81 |    33 ||   114
